← All builds
Geo sea / Legion / Economy first / OBSERVED BUILD

Standard geo sea

Legion Geo sea build order · Supreme Isthmus

The role's baseline: bot lab reclaimed for metal, shipyard built in the cove, Syracusia and Geothermal Powerplant on normal timing, transitioning into Argonaut and other naval units to contest the sea for the rest of the game.

Usually shipyard in the cove (94%) · geo on time (61%)

#naval #eco · 61 distinct matches · 29 players · 72% of Legion Geo sea games · team won 50% of 62 · Recently observed

HOW TO PLAY IT

Key timing: Shipyard by 3:06

  1. Open with mex and solar, then put down Legion Bot Lab for reclaim.
  2. Build Legion Bot Lab early, planning to eat it for metal.
  3. Build shipyard and reclaim the bot lab into the sea economy.
  4. Eat the Legion Bot Lab at 3:12 to fund early sea units.
  5. Add Syracusia then geothermal, transition into Argonaut-led sea army.

Phase by phase

TYPICAL OF ITS 61 GAMES
  1. 1
  2. 2
  3. 3
  4. 4
PLAY THE OPENING

Follow the example game's first 6:00 step by step: what to build now, what comes next, and where it goes. At 1× it keeps pace with your own game.

  1. 1

    Up to the Legion Bot Lab

    Economy
    • Metal Extractor3Mex
    • Wind Turbine3Wind
    Order
    1. Legion Bot LabLegion Bot Lab after 3 mex, 3 winddone ~1:12, middle half 1:05–1:26

    Some games also: wind for allies (40%)

    By 0:55 in all: 3 mex · 3 wind

    The example game in this phase · 4 steps
    1. Mex ×3
    2. Wind
    3. Wind ×2for Air
    4. Legion Bot LabLegion Bot Labdone 1:17 · typical 1:12
  2. 2

    Legion Bot Lab to Shipyard

    Economy
    • Metal Extractor1Mex
    Order
    1. ShipyardShipyard after 4 mex, 4 wind, 1 con turretdone ~3:16, middle half 2:41–3:35
    Builders
    • Zagreus3 Zagreus
    • Legion Construction Bot3 Legion Construction Bot

    Some games also: wind (50%) · con turret (50%) · Toxotai (39%) · wind for allies (35%) · Goblin (31%)

    By 2:43 in all: 4 mex · 4 wind

    The example game in this phase · 6 steps
    1. Legion Construction BotLegion Construction Bot
    2. ZagreusZagreus
    3. Wind
    4. Legion Construction BotLegion Construction Bot
    5. ZagreusZagreus
    6. ShipyardShipyarddone 2:35 · typical 3:16
  3. 3

    Shipyard to 5:00

    Economy
    • Metal Extractor4Mex
    • Wind Turbine2Wind
    Order
    1. Legion Bot LabEat Legion Bot Lab
    Builders
    • Construction Ship1 Con ship
    Army
    • Argonaut2 Argonaut
    • Syracusia1 Syracusia
    Other
    • Radar Tower1 Radar Tower

    Some games also: Pharos (50%) · Hippocampus (39%) · submarine (39%) · converter (37%)

    By 5:00 in all: 8 mex · 6 wind · 1 energy storage · 1 con turret

    The example game in this phase · 25 steps
    1. Legion Construction BotLegion Construction Bot
    2. Mex
    3. IapetusIapetus
    4. Wind
    5. ZagreusZagreus
    6. Wind
    7. HippocampusHippocampus
    8. Wind
    9. Mex
    10. HippocampusHippocampus
    11. Wind
    12. Legion Bot LabEat Legion Bot Labreclaimed for its metal
    13. Mex
    14. HippocampusHippocampus ×2
    15. Con turret
    16. HippocampusHippocampus
    17. Construction ShipCon ship
    18. Mex
    19. BrambleBramble
    20. PharosPharos
    21. SyracusiaSyracusiadone 5:02 · typical 5:32
    22. BrambleBramble
    23. Radar TowerRadar Tower
    24. Wind ×3
    25. Mex
  4. 4

    5:00 to 10:00

    Economy
    • Metal Extractor2Mex
    • Wind Turbine12Wind
    • Energy Converter3Converter
    Order
    1. Geothermal PowerplantGeo after 9 mex, 8 wind, 1 solarin 52% of games
    Builders
    • Construction Turret1 Con turret
    • Dionysus1 Dionysus
    Army
    • Pharos2 Pharos
    • Legion Drone8 Legion Drone
    • Syracusia3 Syracusia
    • Argonaut3 Argonaut

    Some games also: con ship (48%) · Bramble (42%)

    By 10:00 in all: 10 mex · 18 wind · 1 geo · 5 converter · 1 energy storage · 2 con turret

    The example game in this phase · 151 steps
    1. Legion DroneLegion Drone
    2. ArgonautArgonaut
    3. Wind ×2
    4. ArgonautArgonaut
    5. Legion DroneLegion Drone
    6. PharosPharos
    7. Wind
    8. Mex
    9. ArgonautArgonaut
    10. Wind
    11. Wind
    12. PharosPharos
    13. Mex
    14. ArgonautArgonaut
    15. Wind
    16. Wind
    17. Wind
    18. SyracusiaSyracusia
    19. PharosPharos
    20. Wind ×2
    21. Wind
    22. Mex
    23. Legion DroneLegion Drone
    24. Wind
    25. Wind
    26. EuryaleEuryale
    27. Advanced Metal ExtractorT2 mexdone 8:24
    28. Con turret
    29. Wind
    30. Legion DroneLegion Drone
    31. DionysusDionysus
    32. Legion DroneLegion Drone
    33. Wind
    34. Wind ×2
    35. DionysusDionysus
    36. Wind
    37. Wind
    38. Advanced Metal ExtractorT2 mex
    39. Wind ×3
    40. IapetusIapetus
    41. Wind
    42. Wind
    43. Radar TowerRadar Tower
    44. ArgonautArgonaut
    45. Wind
    46. Wind
    47. Con turret
    48. CacophonyCacophony
    49. Construction ShipCon ship
    50. Mex
    51. Wind
    52. Wind
    53. ArgonautArgonaut
    54. Wind
    55. Naval Radar / Sonar TowerNaval Radar / Sonar Tower
    56. Advanced Metal ExtractorT2 mex
    57. EllysawFrigate
    58. Wind
    59. Wind
    60. ArgonautArgonaut
    61. Wind
    62. SthenoStheno
    63. Legion DroneLegion Drone
    64. Wind
    65. ArgonautArgonaut
    66. Wind
    67. Mex
    68. Wind
    69. EllysawFrigate
    70. Legion DroneLegion Drone
    71. Wind
    72. DionysusDionysus
    73. Wind
    74. Wind
    75. DionysusDionysus
    76. Naval Radar / Sonar TowerNaval Radar / Sonar Tower
    77. Construction ShipCon ship
    78. SyracusiaSyracusia
    79. Con turret
    80. Wind
    81. Legion DroneLegion Drone ×2
    82. IapetusIapetus
    83. HarpoonHarpoon
    84. Wind
    85. Legion DroneLegion Drone
    86. EllysawFrigate
    87. ArgonautArgonaut ×2
    88. Wind
    89. ArgonautArgonaut
    90. EllysawFrigate
    91. DionysusDionysus
    92. Legion DroneLegion Drone ×2
    93. Wind
    94. DionysusDionysus
    95. ArgonautArgonaut
    96. Wind ×2
    97. ArgonautArgonaut
    98. Legion DroneLegion Drone
    99. Wind
    100. Legion DroneLegion Drone
    101. SyracusiaSyracusia
    102. Wind
    103. Energy storage
    104. Wind
    105. Legion DroneLegion Drone
    106. Wind
    107. IapetusIapetus
    108. Legion DroneLegion Drone
    109. EllysawFrigate
    110. Wind
    111. ArgonautArgonaut
    112. Wind
    113. ArgonautArgonaut
    114. Legion DroneLegion Drone
    115. Wind
    116. ArgonautArgonaut ×2
    117. Wind
    118. ArgonautArgonaut
    119. Wind
    120. SyracusiaSyracusia
    121. EllysawFrigate
    122. Wind ×2
    123. Legion DroneLegion Drone
    124. IapetusIapetus
    125. Wind
    126. EllysawFrigate
    127. IapetusIapetus
    128. ArgonautArgonaut
    129. Wind ×2
    130. ArgonautArgonaut
    131. Legion DroneLegion Drone
    132. EllysawFrigate
    133. SkaterSkater
    134. Wind
    135. ArgonautArgonaut
    136. SkaterSkater
    137. ArgonautArgonaut
    138. Con turret
    139. EllysawFrigate
    140. SyracusiaSyracusia
    141. Wind
    142. EllysawFrigate
    143. Legion DroneLegion Drone
    144. IapetusIapetus
    145. ArgonautArgonaut
    146. SyracusiaSyracusia
    147. IapetusIapetus
    148. Construction ShipCon ship
    149. BeamerBeamer
    150. Construction ShipCon ship
    151. Legion DroneLegion Drone

Counts are medians over the build's games: half of them build more, half fewer. The example game is JesterB's (32 OS, 05/10/2026); pick another.

Team trades

IN AT LEAST 30% OF ITS GAMES

You hand over

  • Wind Turbine2 Wind to Airfirst at 1:43 · in 71% of games

You get

  • Finch1 Finch from Airfirst at 1:54 · in 60% of games
  • Hercules1 Light transport from Airfirst at 2:07 · in 44% of games
  • Advanced Construction Bot1 T2 con bot from Techfirst at 7:30 · in 76% of games

How it plays out

Typical game of this build, running totals by minute

Metal produced

010k20k30k
0:005:0010:0015:00

metal

Enemy metal destroyed

05k10k
0:005:0010:0015:00

metal

Own metal lost

02k4k6k
0:005:0010:0015:00

metal

62 games.

Show as table
ByMetal produced: This buildEnemy metal destroyed: This buildOwn metal lost: This build
1:0039500
2:0092800
3:00158400
4:002862020
5:00400714151
6:005382368122
7:006821653293
8:0084801476618
9:001020321361075
10:001218127191316
11:001471838851925
12:001776447562321
13:002035856932976
14:002344268464128
15:002727684014628
WHAT THE NUMBERS SAY

Standard sea opener with heavy early metal from eating the bot lab, but team still won well under half.

  • + Produces far more metal than enemy destroys by 5:00 (3995 vs 183).
  • − Team only won 41% of games despite the strong economy lead.
THE EXAMPLE YOU ARE READING

JesterB

31.8 OS · 05/10/2026

Open source match ↗

4 received units · includes a constructor
215 metal received · 3918 energy received

Allied construction assistance is unknown. Timings are observations, not a promise of solo reproducibility.

Typical milestones

Legion Bot Lab1:12Middle 50%: 1:05–1:26 · n=61
Shipyard3:16Middle 50%: 2:41–3:35 · n=62
Syracusia5:32Middle 50%: 4:58–6:11 · n=62
Geothermal Powerplant7:37Middle 50%: 6:54–9:04 · n=40
Advanced Metal Extractor9:19Middle 50%: 8:34–9:47 · n=45

Played most by

KingBenjai9games of this buildsirniho9games of this buildRysica5games of this buildJesterB4games of this buildQwertylololo4games of this build